 Dungeon Crawl Stone Soup version 0.17.0-24-gcfadda4 (webtiles) character file.

15796 4thArraOfDagon the Cleaver (level 12, -7/90 HPs)
             Began as a Vine Stalker Berserker on Nov 17, 2015.
             Was an Elder of Trog.
             Mangled by a crocodile (10 damage)
             ... on level 7 of the Lair of Beasts.
             The game lasted 00:15:27 (2195 turns).

4thArraOfDagon the Cleaver (Vine Stalker Berserker) Turns: 2195, Time: 00:15:27

Health: -7/90      AC: 18    Str: 34    XL:     12   Next: 30%
Magic:  0/19       EV: 10    Int: 10    God:    Trog [****..]
Gold:   342        SH:  0    Dex: 14    Spells: 0 memorised, 11 levels left

rFire  + . .     SeeInvis .     i - +0 war axe
rCold  . . .     Clarity  .     j - +0 chain mail
rNeg   . . .     SustAt   .     (no shield)
rPois  .         Gourm    .     q - +0 helmet
rElec  .         Spirit   +     w - +0 cloak
rCorr  .         Warding  .     l - +1 pair of gloves {rF+}
rMut   .         Stasis   .     b - +1 pair of boots
MR     +++..                    (no amulet)
Stlth  ..........               f - +4 ring of strength
                                d - +3 ring of intelligence

@: berserking, lethally poisoned (-7 -> -8), regenerating, very quick, extremely
resistant to hostile enchantments, extremely unstealthy
A: fangs 3, regeneration 3, magic shield, antimagic bite, no device heal 3, rot
immunity
a: Berserk, Trog's Hand, Brothers in Arms, Burn Spellbooks, Renounce Religion


You were on level 7 of the Lair of Beasts.
You worshipped Trog.
Trog was greatly pleased with you.
You were hungry.

You visited 2 branches of the dungeon, and saw 16 of its levels.
You also visited: Volcano.

You collected 411 gold pieces.
You spent 69 gold pieces at shops.

Inventory:

Hand Weapons
 i - a +0 war axe (weapon)
Armour
 b - a +1 pair of boots (worn)
 j - a +0 chain mail (worn)
 l - a +1 pair of gloves of fire resistance (worn)
 q - a +0 helmet (worn)
 w - a +0 cloak (worn)
Jewellery
 d - a +3 ring of intelligence (left hand)
 e - an uncursed ring of see invisible
 f - a +4 ring of strength (right hand)
 m - an uncursed ring of ice
Wands
 a - a wand of flame (3)
 r - a wand of cold (5)
Scrolls
 g - a scroll of immolation
 s - a scroll of remove curse
 x - a scroll of noise {unknown}
Potions
 h - 4 potions of curing
 k - a potion of berserk rage {unknown}
 n - a potion of brilliance {unknown}
 o - a potion of ambrosia
 u - a potion of lignification {unknown}
Books
 t - a book of Clouds

   Spells                             Type                      Level
   a - Mephitic Cloud                 Conjuration/Poison/Air       3
   b - Conjure Flame                  Conjuration/Fire             3
   c - Poisonous Cloud                Conjuration/Poison/Air       6
   d - Freezing Cloud                 Conjuration/Ice/Air          6
   e - Ring of Flames                 Charms/Fire                  7
   Trog disapproves of the use of such an item.
 v - a book of Battle

   Spells                             Type                      Level
   a - Infusion                       Charms                       1
   b - Shroud of Golubria             Charms/Translocation         2
   c - Song of Slaying                Charms                       2
   d - Spectral Weapon                Hexes/Charms                 3
   e - Regeneration                   Charms/Necromancy            3
   Trog disapproves of the use of such an item.
Comestibles
 c - 3 bread rations
 p - a chunk of flesh


   Skills:
 - Level 5.0 Fighting
 * Level 12.8 Axes
 + Level 8.5 Armour
 - Level 1.5 Dodging
 + Level 8.0 Evocations


You had 11 spell levels left.
You didn't know any spells.

Dungeon Overview and Level Annotations

Branches:
Dungeon (9/15)             Temple (0/1) D:4            Lair (7/8) D:9
  Swamp: Lair:3-6    Shoals: Lair:3-6     Snake: Lair:3-6    Spider: Lair:3-6
  Slime: Lair:6-8       Orc: D:9-12

Altars:
Yredelemnul

Shops:
D:6 *

Portals:
Ossuary: D:7


Innate Abilities, Weirdness & Mutations

You have razor-sharp teeth.
You regenerate.
When hurt, damage is shared between your health and your magic reserves.
Your bite disrupts and absorbs the magic of your enemies.
Potions and wands cannot restore your health.
You are immune to rotting.


Message History

You are more poisoned.
The water moccasin poisons you!
Unknown command.
You slash the water moccasin! Your bite misses the water moccasin.
The water moccasin is moderately wounded.
You slash the water moccasin!
You kill the water moccasin!
Trog accepts your kill.
You hit the griffon but do no damage.
The griffon is heavily wounded.
You barely miss the crocodile.
The crocodile is lightly wounded.
You feel sick.
Your two-headed ogre hits the eight-headed hydra with a giant club!!!
Your two-headed ogre hits the eight-headed hydra with a giant spiked club!!
The eight-headed hydra dies!
Trog accepts your kill.
You can now call in reinforcements.
Your Evocations skill increases to level 8!
The crocodile bites you!
You die...

........#
#....#####
..)......##...##
........#......#
............####
............#.#
#.....†...##.##
.....†.Y...P....
.....OS.H...P...
.......@..........
.......t..........
...%..............
................
................
........#P..P..
............P..
....%.....#####


You could see an elephant, a griffon, a water moccasin, a crocodile and a
friendly two-headed ogre (berserk).

Vanquished Creatures
  Josephine (Lair:4)
  An ogre mage (Volcano)
  3 death yaks (Lair:5)
  2 hill giants (Volcano)
  8 elephants
  2 molten gargoyles (Volcano)
  3 spiny frogs
  A torpor snail (Lair:6)
  2 black mambas
  A fire drake (Lair:5)
  2 two-headed ogres (Volcano)
  3 blink frogs (Lair:5)
  2 wraiths (Lair:4)
  11 yaks
  2 fire bats (Volcano)
  A hippogriff (Lair:5)
  5 porcupines
  An orc warrior (D:7)
  2 water moccasins
  A black bear (D:7)
  3 ogres
  8 crocodiles
  A gnoll sergeant (D:7)
  2 giant frogs (Lair:5)
  A scorpion (D:9)
  A quasit (D:7)
  4 orc wizards
  An orc priest (D:9)
  6 iguanas
  2 worker ants
  5 gnolls (D:7)
  19 river rats
  5 adders
  8 orcs
  2 giant cockroaches
  2 hobgoblins (D:1)
  2 kobolds (D:1)
  A quokka (D:4)
  4 bats
  A giant gecko zombie (D:6)
  2 giant newts (D:2)
  4 goblins
  2 rats
  A fungus (Lair:6)
141 creatures vanquished.

Vanquished Creatures (collateral kills)
  A hydra (Lair:7)
  2 elephants (Lair:7)
3 creatures vanquished.

Vanquished Creatures (others)
  6 fungi
  3 plants
9 creatures vanquished.

Grand Total: 153 creatures vanquished

Notes
Turn   | Place    | Note
--------------------------------------------------------------
     0 | D:1      | 4thArraOfDagon the Vine Stalker Berserker began the quest for the Orb.
     0 | D:1      | Reached XP level 1. HP: 11/11 MP: 2/2
    90 | D:1      | Reached XP level 2. HP: 14/16 MP: 3/3
    91 | D:1      | Reached skill level 3 in Axes
   259 | D:2      | Reached XP level 3. HP: 16/20 MP: 2/4
   301 | D:3      | Reached ** piety under Trog
   323 | D:4      | Found a staircase to the Ecumenical Temple.
   327 | D:4      | Noticed an ogre
   336 | D:4      | Killed an ogre
   336 | D:4      | Reached XP level 4. HP: 24/24 MP: 5/5
   341 | D:4      | Reached XP level 5. HP: 28/28 MP: 3/6
   373 | D:5      | Entered Level 5 of the Dungeon
   380 | D:5      | Reached skill level 4 in Axes
   471 | D:6      | Found Aryhuita's Assorted Antiques.
   477 | D:6      | Bought an inky potion for 22 gold pieces
   477 | D:6      | Bought a scroll labeled YTIVEPR DYCLU for 25 gold pieces
   477 | D:6      | Bought a fuming red potion for 22 gold pieces
   532 | D:7      | Noticed an orc warrior
   540 | D:7      | Killed an orc warrior
   540 | D:7      | Gained mutation: You heal very quickly. [Vine Stalker growth]
   540 | D:7      | Reached XP level 6. HP: 30/33 MP: 7/7
   548 | D:7      | Reached skill level 5 in Axes
   563 | D:7      | Noticed an ogre
   565 | D:7      | Reached XP level 7. HP: 35/37 MP: 8/8
   606 | D:7      | Killed an ogre
   619 | D:7      | Noticed a black bear
   658 | D:7      | Killed a black bear
   758 | D:7      | FUCK
   762 | D:7      | Found a sand-covered staircase.
   781 | D:9      | Reached skill level 6 in Axes
   784 | D:9      | JESUS
   830 | D:9      | Found a staircase to the Lair.
   838 | Lair:1   | Entered Level 1 of the Lair of Beasts
   858 | Lair:1   | Gained mutation: You have razor-sharp teeth. [Vine Stalker growth]
   858 | Lair:1   | Reached XP level 8. HP: 42/42 MP: 5/9
   883 | Lair:1   | Reached skill level 5 in Fighting
   957 | Lair:1   | Reached *** piety under Trog
   957 | Lair:1   | Reached skill level 1 in Evocations
  1000 | Lair:1   | Noticed a blink frog
  1025 | Lair:2   | Reached skill level 7 in Axes
  1058 | Lair:2   | Found a dark tunnel.
  1067 | Volcano  | Entered a volcano
  1092 | Volcano  | Reached XP level 9. HP: 37/47 MP: 11/11
  1140 | Volcano  | Found a radiant altar of Vehumet.
  1140 | Volcano  | Noticed an ogre mage
  1140 | Volcano  | Noticed a two-headed ogre
  1140 | Volcano  | Noticed a hill giant
  1142 | Volcano  | Noticed a two-headed ogre
  1147 | Volcano  | Killed an ogre mage
  1147 | Volcano  | Reached skill level 8 in Axes
  1147 | Volcano  | Reached skill level 5 in Armour
  1148 | Volcano  | Killed a hill giant
  1148 | Volcano  | Reached skill level 9 in Axes
  1151 | Volcano  | Killed a two-headed ogre
  1153 | Volcano  | Killed a two-headed ogre
  1153 | Volcano  | Reached XP level 10. HP: 19/51 MP: 14/14
  1154 | Volcano  | Noticed a hill giant
  1167 | Volcano  | Killed a hill giant
  1195 | Volcano  | Noticed a molten gargoyle
  1200 | Volcano  | Killed a molten gargoyle
  1200 | Volcano  | Reached skill level 5 in Evocations
  1252 | Volcano  | Noticed a molten gargoyle
  1259 | Volcano  | Killed a molten gargoyle
  1259 | Volcano  | Reached skill level 10 in Axes
  1267 | Volcano  | no flaming axe
  1267 | Volcano  | RIP
  1414 | Lair:3   | Noticed an eight-headed hydra
  1587 | Lair:4   | Found a basalt altar of Yredelemnul.
  1597 | Lair:4   | Noticed Josephine
  1609 | Lair:4   | Killed Josephine
  1663 | Lair:5   | Reached XP level 11. HP: 55/55 MP: 16/16
  1702 | Lair:5   | Reached skill level 11 in Axes
  1726 | Lair:5   | Noticed a black mamba
  1745 | Lair:6   | Noticed a seven-headed hydra
  1765 | Lair:5   | Killed a black mamba
  1855 | Lair:6   | Reached **** piety under Trog
  1938 | Lair:7   | Noticed a six-headed hydra
  1956 | Lair:6   | Reached skill level 12 in Axes
  1985 | Lair:5   | Noticed a death yak
  1986 | Lair:5   | Noticed a death yak
  1986 | Lair:5   | Noticed a death yak
  2015 | Lair:5   | Killed a death yak
  2019 | Lair:5   | Killed a death yak
  2019 | Lair:5   | Gained mutation: You regenerate. [Vine Stalker growth]
  2019 | Lair:5   | Reached XP level 12. HP: 51/60 MP: 14/18
  2024 | Lair:5   | Killed a death yak
  2183 | Lair:7   | Noticed a four-headed hydra
  2194 | Lair:7   | HP: 4/90 [griffon (4)]
  2195 | Lair:7   | Killed an eight-headed hydra
  2195 | Lair:7   | Mangled by a crocodile

Action                   |  1- 3 |  4- 6 |  7- 9 | 10-12 || total
-------------------------+-------+-------+-------+-------++-------
Melee: Hand axe          |    40 |    40 |    22 |       ||   102
       War axe           |       |       |    62 |   175 ||   237
Invok: Berserk           |     4 |     3 |     7 |    13 ||    27
       Trog's Hand       |       |     2 |     4 |     7 ||    13
       Brothers in Arms  |       |       |       |     1 ||     1
Evoke: Wand              |       |       |     9 |       ||     9
  Use: Scroll            |       |       |     5 |       ||     5
       Potion            |       |       |     4 |     3 ||     7
 Stab: Sleeping          |     1 |       |       |       ||     1
       Invisible         |       |       |       |     1 ||     1
  Eat: Chunk             |     1 |     1 |     9 |    13 ||    24
       Bread ration      |       |     1 |       |       ||     1
       Meat ration       |       |       |       |     1 ||     1
